 Dungeon Sprint DCSS version 0.20.1-1-g8b1a95d (webtiles) character file.

660 Kingsmith the Formicid Disaster (level 7, -9/59 HPs)
             Began as a Formicid Fighter on Dec 13, 2017.
             Was a Believer of Qazlal.
             Mangled by a death cob (25 damage)
             ... in the Dungeon (Sprint V: "Ziggurat Sprint").
             The game lasted 00:03:25 (266 turns).

Kingsmith the Formicid Disaster (Formicid Fighter)   Turns: 266, Time: 00:03:26

Health: -9/59      AC: 20    Str: 34    XL:     7   Next: 86%
Magic:  11/14      EV:  6    Int:  8    God:    Qazlal [**....]
Gold:   0          SH: 18    Dex: 10    Spells: 6/6 levels left

rFire    + . .     SeeInvis +   a - +7 Screaming Sword
rCold    + . .     Gourm    .   c - +3 shield
rNeg     . . .     Faith    .   h - +5 gold dragon scales
rPois    +         Spirit   .   (helmet unavailable)
rElec    .         Reflect  .   (no cloak)
rCorr    .         Harm     .   (no gloves)
MR       .....                  (no boots)
Stlth    ..........             (no amulet)
Regen    0.2/turn               q - +6 ring of strength
MPRegen  0.2/turn               r - +6 ring of strength

@: studying Maces & Flails
A: permanent stasis, dig shafts and tunnels, four strong arms, antennae 3
a: Dig, Upheaval, Renounce Religion


You were in the Dungeon.
You worshipped Qazlal.
Qazlal was pleased with you.
You were not hungry.

You visited 1 branch

Inventory:

Hand Weapons
 a - the +7 Screaming Sword (weapon)
   (You found it in the Dungeon)
Armour
 b - a +3 large shield
 c - a +3 shield (worn)
 h - +5 gold dragon scales (worn)
Jewellery
 q - a +6 ring of strength (left hand)
 r - a +6 ring of strength (right hand)
Wands
 s - a wand of disintegration (7/24)
 t - a wand of iceblast (5/15)
 u - a wand of lightning (5/15)
 v - a wand of acid (5/15)
Scrolls
 y - 4 scrolls of amnesia
 C - 3 scrolls of recharging
 D - 7 scrolls of fog
 E - a scroll of holy word
 F - 5 scrolls of identify
 G - 5 scrolls of remove curse
 H - 2 scrolls of fear
Potions
 d - 6 potions of might
 e - 10 potions of curing
 g - 10 potions of heal wounds
 i - 7 potions of magic
 w - 2 potions of brilliance
 x - 2 potions of invisibility
 z - 4 potions of resistance
 B - 5 potions of agility
Books
 j - a manual of Maces & Flails
Miscellaneous
 l - a lightning rod (inert)
Comestibles
 f - 5 bread rations
 I - 42 fruits
 J - 4 meat rations


   Skills:
 * Level 6.8 Fighting
 * Level 5.8 Long Blades
 * Level 6.9 Armour
 + Level 2.3 Dodging
 * Level 7.7 Shields
 + Level 9.6 Invocations
 + Level 8.9 Evocations


You had 6 spell levels left.
You didn't know any spells.

Dungeon Overview and Level Annotations

Branches:
Dungeon (1/1)

Altars:
Ashenzari
Cheibriados
Dithmenos
Elyvilon
Fedhas
Gozag
Hepliaklqana
Kikubaaqudgha
Makhleb
Nemelex Xobeh
Okawaru
Qazlal
Ru
Sif Muna
Trog
Uskayaw
Vehumet
Xom
Yredelemnul
Zin
The Shining One
Beogh
Jiyva
Lugonu

Annotations:
D 1 transporter


Innate Abilities, Weirdness & Mutations

You cannot be hasted, slowed, berserked, paralysed or teleported.
You can dig through walls and to a lower floor.
Your four strong arms can wield two-handed weapons with a shield.
You have a pair of large antennae on your head. (SInv)


Message History

The death cob hits you!
* * * LOW HITPOINT WARNING * * *
The death cob drains your vigour!
Your stasis prevents you from being slowed.
The death cob barely misses you. You block the draconian's attack.
The death cob hits you but does no damage.
You miss the death cob.
The death cob is moderately damaged.
The Screaming Sword pants and wheezes.
The draconians and the death cob are hurt by the noise.
The death cob hits you but does no damage.
The death cob completely misses you.
The draconian hits you but does no damage.
You block the death cob's attack.
You closely miss the death cob.
The death cob is moderately damaged.
The Screaming Sword shouts, "A winner requires a loser!"
The draconians and the death cob are hurt by the noise.
You block the death cob's attack. The death cob hits you!!
You die...

▓.....▓.†...▓....
▓.....▓.....▓▓▓▓▓
▓▓▓▓▓▓▓▓▓▓▓▓▓▓
▓..8©8...▓
▓..:=}...▓ {{{
▓...)....▓ { {
▓........▓
▓.z......▓ {{{
▓@▓{d..▓.▓ {{{
▓.dd.....▓
▓▓▓▓▓▓▓▓▓▓


{{{{ {{{ You could see a death cob and 2 draconians.

Vanquished Creatures
  A jumping spider (D)
  A naga (D)
  A black bear (D)
  2 wolves (D)
  A scorpion (D)
  2 adders (D)
  A ball python (D)
9 creatures vanquished.

Notes
Turn   | Place    | Note
-------+----------+-------------------------------------------
     0 | D        | Kingsmith the Formicid Fighter began the quest for the Orb.
     0 | D        | Reached XP level 1. HP: 18/18 MP: 1/1
     0 | D        | Found a deep blue altar of Sif Muna.
     0 | D        | Found a bloodstained altar of Trog.
     0 | D        | Found a sacrificial altar of Ru.
     0 | D        | Found a stormy altar of Qazlal.
     0 | D        | Found an iron altar of Okawaru.
     6 | D        | Found a sparkling altar of Nemelex Xobeh.
     7 | D        | Found a burning altar of Makhleb.
     7 | D        | Found a corrupted altar of Lugonu.
     7 | D        | Found an ancient bone altar of Kikubaaqudgha.
     7 | D        | Found a transporter.
     7 | D        | Found a viscous altar of Jiyva.
    12 | D        | Became a worshipper of Qazlal Stormbringer
    16 | D        | Found a hazy altar of Hepliaklqana.
    25 | D        | Found a blossoming altar of Fedhas.
    27 | D        | Found an opulent altar of Gozag.
   120 | D        | Reached skill level 5 in Fighting
   120 | D        | Reached skill level 5 in Armour
   120 | D        | Reached skill level 5 in Shields
   120 | D        | Reached XP level 2. HP: 27/27 MP: 2/2
   130 | D        | Entered arena 2.
   130 | D        | Noticed a jumping spider
   130 | D        | Noticed a scorpion
   130 | D        | Found a transporter.
   133 | D        | Killed a scorpion
   133 | D        | Reached skill level 4 in Invocations
   133 | D        | Reached XP level 3. HP: 33/33 MP: 2/6
   133 | D        | Reached XP level 4. HP: 39/39 MP: 2/7
   134 | D        | Killed a jumping spider
   134 | D        | Reached skill level 9 in Invocations
   134 | D        | Reached XP level 5. HP: 44/44 MP: 2/11
   134 | D        | Reached XP level 6. HP: 51/51 MP: 2/12
   211 | D        | Entered arena 3.
   211 | D        | Noticed a black bear
   211 | D        | Noticed a wolf
   211 | D        | Noticed a wolf
   211 | D        | Found a transporter.
   214 | D        | Killed a wolf
   214 | D        | Reached * piety under Qazlal
   214 | D        | Reached skill level 1 in Dodging
   215 | D        | Killed a wolf
   215 | D        | Reached skill level 5 in Long Blades
   215 | D        | Reached XP level 7. HP: 58/58 MP: 12/14
   228 | D        | Entered arena 4.
   228 | D        | Noticed a naga
   228 | D        | Found a transporter.
   230 | D        | Killed a naga
   230 | D        | Reached ** piety under Qazlal
   242 | D        | Got the cursed +0 pair of gloves "Dasecyw" {rPois rC+ Dex+9 Slay-4}
   257 | D        | Entered arena 5.
   257 | D        | Noticed a draconian
   257 | D        | Noticed a death cob
   257 | D        | Noticed a draconian
   257 | D        | Noticed a draconian
   257 | D        | Found a transporter.
   266 | D        | Mangled by a death cob

Skill      XL: |  1  2  3  4  5  6  7 |
---------------+----------------------+-----
Fighting       | 5 6 |  6.8
Long Blades    | 4 5 |  5.8
Armour         | 5 6 |  6.9
Shields        | 5 6 7 |  7.7
Invocations    | 4 9 |  9.6
Evocations     | 3 8 |  8.9
Dodging        | 1 2 |  2.3

Action                   |  1- 3 |  4- 6 |  7- 9 || total
-------------------------+-------+-------+-------++-------
Melee: Double sword      |       |     3 |    11 ||    14
Invok: Upheaval          |       |       |     1 ||     1
Evoke: Lightning rod     |     2 |     1 |     1 ||     4
  Use: Potion            |     1 |       |       ||     1
Armor: Gold dragon scale |       |     2 |     8 ||    10
Dodge: Dodged            |       |       |     6 ||     6
Block: Shield            |     1 |     4 |    17 ||    22
